TOP OF THE 1ST |
Scranton Supernovas batting - Pitching for Hartford Pride : RHP James Lendell Basford
|
Pitching: RHP James Lendell Basford
|
|
Batting: RHB Yong-ho Jheon
|
0-0: Ball 1-0: Ball 2-0: Ground out 4-3 (Groundball, 4M, EV 110.0 MPH)
|
Batting: RHB Zhong-yan Zhang
|
0-0: Called Strike 0-1: Ball 1-1: Foul Ball, location: 2F 1-2: Strikes out swinging
|
Batting: RHB August Force
|
0-0: Foul Ball, location: 2F 0-1: Fly out, F4 (Popup, 23, EV 89.4 MPH)
|
Top of the 1st over - 0 runs, 0 hits, 0 errors, 0 left on base; Scranton 0 - Hartford 0 |
BOTTOM OF THE 1ST |
Hartford Pride batting - Pitching for Scranton Supernovas : RHP Ray Goolsby
|
Pitching: RHP Ray Goolsby
|
|
Batting: LHB Daniel Joseph
|
0-0: Ball 1-0: Ball 2-0: Foul Ball, location: 2F 2-1: Foul Ball, location: 2F 2-2: SINGLE (Line Drive, 6D, EV 101.9 MPH)
|
Batting: RHB Katsuhiko Ishihara
|
0-0: Foul Ball, location: 2F 0-1: Ball 1-1: Fielders Choice at 2nd, 4-6 (Groundball, 4S, EV 87.5 MPH)
|
Batting: RHB Emílio Agramónte
|
0-0: Foul Ball, location: 2F 0-1: Ball 1-1: Swinging Strike 1-2: Ball 2-2: Ball 3-2: Foul Ball, location: 2F 3-2: SINGLE (Line Drive, 9S, EV 94.4 MPH) Katsuhiko Ishihara to second
|
Batting: LHB Héctor Galló
|
0-0: Swinging Strike 0-1: 3-RUN HOME RUN (Flyball, 7D, EV 102.5 MPH), Distance : 381 ft
|
Batting: RHB Hani Azwan
|
0-0: Ball 1-0: Swinging Strike 1-1: Called Strike 1-2: Foul Ball, location: 2F 1-2: Foul Ball, location: 2F 1-2: SINGLE (Groundball, 6D, EV 95.6 MPH)
|
Batting: SHB Alvin Peterson
|
0-0: Called Strike Hani Azwan steals 2nd base 0-1: Foul Ball, location: 2F 0-2: Strikes out swinging
|
Batting: RHB Peer Kattenberg
|
0-0: Ball 1-0: Called Strike 1-1: Ball 2-1: Foul Ball, location: 2F 2-2: Ball 3-2: Foul Ball, location: 2F 3-2: Foul Ball, location: 2F 3-2: Fly out, F8 (Line Drive, 8RM, EV 89.4 MPH)
|
Bottom of the 1st over - 3 runs, 4 hits, 0 errors, 1 left on base; Scranton 0 - Hartford 3 |
TOP OF THE 2ND |
Scranton Supernovas batting - Pitching for Hartford Pride : RHP James Lendell Basford
|
Batting: LHB Guan-pei Bei
|
0-0: Called Strike 0-1: Called Strike 0-2: SINGLE (Groundball, 34D, EV 98.8 MPH)
|
Batting: RHB Phil Moore
|
0-0: Ball 1-0: Fly out, F7 (Flyball, 7D, EV 98.8 MPH)
|
Batting: RHB Pancho Hernández
|
0-0: Ball 1-0: Called Strike 1-1: Ball 2-1: Called Strike 2-2: Ball 3-2: Foul Ball, location: 2F 3-2: Base on Balls Guan-pei Bei to second
|
Batting: SHB John Clements
|
0-0: Ball Guan-pei Bei steals 3rd base 1-0: Ground out 4-3 (Groundball, 34D, EV 108.1 MPH) Guan-pei Bei scores Pancho Hernández to second
|
Batting: LHB Quentin Batkin
|
0-0: Ball 1-0: Called Strike 1-1: Ball 2-1: Foul Ball, location: 2F 2-2: Foul Ball, location: 2F 2-2: SINGLE (Groundball, 4MD, EV 103.8 MPH) Pancho Hernández to third Runner from 3rd tries for Home, SAFE, throw by CF to home Quentin Batkin to second
|
Batting: RHB Guillermo Alessandrini
|
0-0: Fly out, F9 (Flyball, 9LM, EV 90.6 MPH)
|
Top of the 2nd over - 2 runs, 2 hits, 0 errors, 1 left on base; Scranton 2 - Hartford 3 |
BOTTOM OF THE 2ND |
Hartford Pride batting - Pitching for Scranton Supernovas : RHP Ray Goolsby
|
Batting: RHB Barend Huijbregts
|
0-0: Ball 1-0: Ball 2-0: Fly out, F8 (Flyball, 89D, EV 88.8 MPH)
|
Batting: RHB Nathan Pruitt
|
0-0: SINGLE (Groundball, 56D, EV 103.8 MPH)
|
Batting: LHB Daniel Joseph
|
0-0: Ball 1-0: Fly out, F8 (Flyball, 8RS, EV 92.5 MPH)
|
Batting: RHB Katsuhiko Ishihara
|
0-0: Fielders Choice at 2nd, 6-4 (Groundball, 6, EV 103.1 MPH)
|
Bottom of the 2nd over - 0 runs, 1 hit, 0 errors, 1 left on base; Scranton 2 - Hartford 3 |
TOP OF THE 3RD |
Scranton Supernovas batting - Pitching for Hartford Pride : RHP James Lendell Basford
|
Batting: RHB Yong-ho Jheon
|
0-0: Ball 1-0: Ball 2-0: Called Strike 2-1: Ball 3-1: Foul Ball, location: 2F 3-2: Strikes out swinging
|
Batting: RHB Zhong-yan Zhang
|
0-0: Called Strike 0-1: Swinging Strike 0-2: Ball 1-2: Ball 2-2: Foul Ball, location: 2F 2-2: Ground out 5-3 (Groundball, 5S, EV 68.1 MPH)
|
Batting: RHB August Force
|
0-0: Called Strike 0-1: Fly out, F2 (Popup, 25F, EV 79.4 MPH)
|
Top of the 3rd over - 0 runs, 0 hits, 0 errors, 0 left on base; Scranton 2 - Hartford 3 |
BOTTOM OF THE 3RD |
Hartford Pride batting - Pitching for Scranton Supernovas : RHP Ray Goolsby
|
Batting: RHB Emílio Agramónte
|
0-0: Called Strike 0-1: SINGLE (Groundball, 6MD, EV 105.6 MPH)
|
Batting: LHB Héctor Galló
|
0-0: Swinging Strike 0-1: Foul Ball, location: 2F 0-2: Ball Wild Pitch! Emílio Agramónte to second 1-2: Foul Ball, location: 2F 1-2: Strikes out swinging
|
Batting: RHB Hani Azwan
|
0-0: Ball 1-0: SINGLE (Groundball, 34D, EV 109.4 MPH) Emílio Agramónte to third Runner from 3rd tries for Home, SAFE, no throw by RF
|
Batting: SHB Alvin Peterson
|
0-0: Called Strike 0-1: Called Strike 0-2: Foul Ball, location: 2F 0-2: Strikes out looking
|
Batting: RHB Peer Kattenberg
|
0-0: DOUBLE (Line Drive, 89XD, EV 105.0 MPH) Hani Azwan to third Runner from 3rd tries for Home, SAFE, throw by RF to home
|
Batting: RHB Barend Huijbregts
|
0-0: Foul Ball, location: 2F 0-1: Swinging Strike 0-2: Ball 1-2: Ground out 2-3 (Groundball, 15S, EV 66.9 MPH)
|
Bottom of the 3rd over - 2 runs, 3 hits, 0 errors, 1 left on base; Scranton 2 - Hartford 5 |
TOP OF THE 4TH |
Scranton Supernovas batting - Pitching for Hartford Pride : RHP James Lendell Basford
|
Batting: LHB Guan-pei Bei
|
0-0: Foul Ball, location: 2F 0-1: Ball 1-1: Foul Ball, location: 2F 1-2: Ground out 6-3 (Groundball, 6, EV 100.6 MPH)
|
Batting: RHB Phil Moore
|
0-0: Called Strike 0-1: Ball 1-1: Ball 2-1: Ball 3-1: Foul Ball, location: 2F 3-2: Strikes out swinging
|
Batting: RHB Pancho Hernández
|
0-0: Called Strike 0-1: Ball 1-1: Ball 2-1: Ball 3-1: Base on Balls
|
Batting: SHB John Clements
|
0-0: Ball 1-0: Foul Ball, location: 2F 1-1: Foul Ball, location: 2F 1-2: Foul Ball, location: 2F 1-2: Ball Pancho Hernández steals 2nd base 2-2: Ball 3-2: Base on Balls
|
Batting: LHB Quentin Batkin
|
0-0: Ball 1-0: Ball 2-0: Ball 3-0: Base on Balls Pancho Hernández to third John Clements to second
|
Batting: RHB Guillermo Alessandrini
|
0-0: Ground out 2-3 (Groundball, 2L, EV 72.5 MPH)
|
Top of the 4th over - 0 runs, 0 hits, 0 errors, 3 left on base; Scranton 2 - Hartford 5 |
BOTTOM OF THE 4TH |
Hartford Pride batting - Pitching for Scranton Supernovas : RHP Ray Goolsby
|
Batting: RHB Nathan Pruitt
|
0-0: Called Strike 0-1: Swinging Strike 0-2: Strikes out swinging
|
Batting: LHB Daniel Joseph
|
0-0: Swinging Strike 0-1: Ball 1-1: Foul Ball, location: 2F 1-2: Strikes out swinging
|
Batting: RHB Katsuhiko Ishihara
|
0-0: Ball 1-0: Ball 2-0: Called Strike 2-1: Called Strike 2-2: Fly out, F7 (Flyball, 7, EV 93.1 MPH)
|
Bottom of the 4th over - 0 runs, 0 hits, 0 errors, 0 left on base; Scranton 2 - Hartford 5 |
TOP OF THE 5TH |
Scranton Supernovas batting - Pitching for Hartford Pride : RHP James Lendell Basford
|
Batting: RHB Yong-ho Jheon
|
0-0: Ball 1-0: Ball 2-0: Bunted foul 2-1: Foul Ball, location: 2F 2-2: SINGLE (Flyball, 7S, EV 86.2 MPH)
|
Batting: RHB Zhong-yan Zhang
|
0-0: Ball 1-0: Sac Bunt to 15S - play at first, batter OUT! 1-4 Yong-ho Jheon to second
|
Batting: RHB August Force
|
0-0: Ball 1-0: Foul Ball, location: 2F 1-1: Ball Yong-ho Jheon steals 3rd base 2-1: Ground out 6-3 (Groundball, 6, EV 81.9 MPH) Yong-ho Jheon scores
|
Batting: LHB Guan-pei Bei
|
0-0: Called Strike 0-1: Ball 1-1: Ball 2-1: Ball 3-1: Fly out, F8 (Line Drive, 8LD, EV 90.0 MPH)
|
Top of the 5th over - 1 run, 1 hit, 0 errors, 0 left on base; Scranton 3 - Hartford 5 |
BOTTOM OF THE 5TH |
Hartford Pride batting - Pitching for Scranton Supernovas : RHP Ray Goolsby
|
Batting: RHB Emílio Agramónte
|
0-0: Ball 1-0: Ball 2-0: Ground out 5-3 (Groundball, 56, EV 80.0 MPH)
|
Batting: LHB Héctor Galló
|
0-0: Ball 1-0: Ball 2-0: Ball 3-0: Called Strike 3-1: Base on Balls
|
Batting: RHB Hani Azwan
|
0-0: Fielders Choice at 2nd, 4-6 (Groundball, 34, EV 82.5 MPH)
|
Batting: SHB Alvin Peterson
|
0-0: Ball 1-0: Called Strike 1-1: Ball 2-1: Ball 3-1: Called Strike 3-2: Strikes out swinging
|
Bottom of the 5th over - 0 runs, 0 hits, 0 errors, 1 left on base; Scranton 3 - Hartford 5 |
TOP OF THE 6TH |
Scranton Supernovas batting - Pitching for Hartford Pride : RHP James Lendell Basford
|
Batting: RHB Phil Moore
|
0-0: Ball 1-0: Called Strike 1-1: Ground out 3-1 (Groundball, 34S, EV 87.5 MPH)
|
Batting: RHB Pancho Hernández
|
0-0: Ball 1-0: Foul Ball, location: 2F 1-1: SINGLE (Line Drive, 9S, EV 105.6 MPH)
|
Batting: SHB John Clements
|
0-0: Foul Ball, location: 2F 0-1: Ball 1-1: Swinging Strike 1-2: Fielders Choice at 2nd, 1-6 (Groundball, 34S, EV 71.2 MPH)
|
Batting: LHB Quentin Batkin
|
0-0: Swinging Strike 0-1: Ground out 3-1 (Groundball, 34S, EV 79.4 MPH)
|
Top of the 6th over - 0 runs, 1 hit, 0 errors, 1 left on base; Scranton 3 - Hartford 5 |
BOTTOM OF THE 6TH |
Hartford Pride batting - Pitching for Scranton Supernovas : RHP Ray Goolsby
|
Batting: RHB Peer Kattenberg
|
0-0: Ball 1-0: Ball 2-0: Called Strike 2-1: Ball 3-1: Base on Balls
|
Batting: RHB Barend Huijbregts
|
0-0: Ball 1-0: Sac Bunt to P - play at first, batter OUT! 1-3 Peer Kattenberg to second
|
Batting: RHB Nathan Pruitt
|
0-0: Ball 1-0: Ball 2-0: Called Strike 2-1: Swinging Strike 2-2: Strikes out looking
|
Batting: LHB Daniel Joseph
|
0-0: Ball 1-0: Ball 2-0: Ball 3-0: Called Strike 3-1: Foul Ball, location: 2F 3-2: SINGLE (Groundball, 3, EV 91.9 MPH) (infield hit) Peer Kattenberg to third
|
Batting: RHB Katsuhiko Ishihara
|
0-0: Called Strike Daniel Joseph steals 2nd base (no throw) 0-1: Ball 1-1: Ball 2-1: Foul Ball, location: 2F 2-2: Ball 3-2: Foul Ball, location: 2F 3-2: Strikes out swinging
|
Bottom of the 6th over - 0 runs, 1 hit, 0 errors, 2 left on base; Scranton 3 - Hartford 5 |
TOP OF THE 7TH |
Scranton Supernovas batting - Pitching for Hartford Pride : RHP James Lendell Basford
|
Batting: RHB Guillermo Alessandrini
|
0-0: Ball 1-0: Ball 2-0: Swinging Strike 2-1: Foul Ball, location: 2F 2-2: Ground out 6-3 (Groundball, 4M, EV 105.6 MPH)
|
Pitching: RHP Eduardo Flores
|
|
Batting: RHB Yong-ho Jheon
|
0-0: Foul Ball, location: 2F 0-1: Foul Ball, location: 2F 0-2: Ball 1-2: Ball 2-2: Ground out 6-3 (Groundball, 6S, EV 68.8 MPH)
|
Batting: RHB Zhong-yan Zhang
|
0-0: Called Strike 0-1: Ground out 6-3 (Groundball, 6, EV 84.4 MPH)
|
Top of the 7th over - 0 runs, 0 hits, 0 errors, 0 left on base; Scranton 3 - Hartford 5 |
BOTTOM OF THE 7TH |
Hartford Pride batting - Pitching for Scranton Supernovas : RHP Ray Goolsby
|
Pitching: RHP Malcolm Bullard
|
|
Batting: RHB Emílio Agramónte
|
0-0: SINGLE (Groundball, 56D, EV 101.2 MPH)
|
Batting: LHB Héctor Galló
|
0-0: Fly out, F8 (Line Drive, 8LD, EV 90.6 MPH)
|
Batting: RHB Hani Azwan
|
0-0: Called Strike 0-1: Foul Ball, location: 2F 0-2: Strikes out looking
|
Batting: SHB Alvin Peterson
|
0-0: Called Strike 0-1: Ball 1-1: Ball 2-1: Foul Ball, location: 2F 2-2: Fly out, F8 (Flyball, 8LS, EV 84.4 MPH)
|
Bottom of the 7th over - 0 runs, 1 hit, 0 errors, 1 left on base; Scranton 3 - Hartford 5 |
TOP OF THE 8TH |
Scranton Supernovas batting - Pitching for Hartford Pride : RHP Eduardo Flores
|
Batting: RHB August Force
|
0-0: Foul Ball, location: 2F 0-1: DOUBLE (Line Drive, 7LM, EV 100.6 MPH)
|
Batting: LHB Guan-pei Bei
|
0-0: Ball 1-0: Called Strike 1-1: Called Strike 1-2: Ball 2-2: Ground out 5-3 (Groundball, 5, EV 85.0 MPH)
|
Batting: RHB Phil Moore
|
0-0: Called Strike 0-1: Ball 1-1: Swinging Strike 1-2: Foul Ball, location: 2F 1-2: Ball Wild Pitch! August Force to third 2-2: Ground out 1-3 (Groundball, 34S, EV 65.0 MPH)
|
Batting: RHB Pancho Hernández
|
0-0: Called Strike 0-1: Ball 1-1: Swinging Strike 1-2: Strikes out looking
|
Top of the 8th over - 0 runs, 1 hit, 0 errors, 1 left on base; Scranton 3 - Hartford 5 |
BOTTOM OF THE 8TH |
Hartford Pride batting - Pitching for Scranton Supernovas : RHP Malcolm Bullard
|
Batting: RHB Peer Kattenberg
|
0-0: Ground out 5-3 (Groundball, 56S, EV 81.2 MPH)
|
Batting: RHB Barend Huijbregts
|
0-0: Called Strike 0-1: Called Strike 0-2: Fly out, F8 (Flyball, 8LM, EV 78.8 MPH)
|
Batting: RHB Nathan Pruitt
|
0-0: Ball 1-0: Foul Ball, location: 2F 1-1: Ball 2-1: Ball 3-1: Reached on error, E4 (Groundball, 4M, EV 81.9 MPH)
|
Batting: LHB Daniel Joseph
|
0-0: Ball 1-0: Fly out, F8 (Flyball, 8LD, EV 96.9 MPH)
|
Bottom of the 8th over - 0 runs, 0 hits, 1 error, 1 left on base; Scranton 3 - Hartford 5 |
TOP OF THE 9TH |
Scranton Supernovas batting - Pitching for Hartford Pride : RHP Eduardo Flores
|
Pitching: RHP Darweshi Hadiya
|
|
Batting: SHB John Clements
|
0-0: Called Strike 0-1: Ground out U3 (Groundball, 3, EV 101.2 MPH)
|
Batting: LHB Quentin Batkin
|
0-0: Ground out 4-3 (Groundball, 34, EV 103.1 MPH)
|
Batting: RHB Guillermo Alessandrini
|
0-0: Foul Ball, location: 2F 0-1: Ball 1-1: Ball 2-1: Ball 3-1: Foul Ball, location: 2F 3-2: Ground out 4-3 (Groundball, 4, EV 80.0 MPH)
|
Top of the 9th over - 0 runs, 0 hits, 0 errors, 0 left on base; Scranton 3 - Hartford 5 |
|